| TOP OF THE 1ST |
|
Salinas Fire Frogs batting - Pitching for Stockton Mariners : LHP Randy Ford
|
|
Pitching: LHP Randy Ford
|
|
|
Batting: RHB Bobby Morin
|
0-0: Foul Ball, location: 2F 0-1: Ball 1-1: Foul Ball, location: 2F 1-2: Foul Ball, location: 2F 1-2: Ball 2-2: Fly out, F8 (Flyball, 89D, EV 101.3 MPH)
|
|
Batting: LHB Kent Keiser
|
0-0: Ball 1-0: Ground out 4-3 (Groundball, 34, EV 89.4 MPH)
|
|
Batting: RHB Kevin Mitchell
|
0-0: Ball 1-0: Ground out 5-3 (Groundball, 5, EV 91.3 MPH)
|
| Top of the 1st over - 0 runs, 0 hits, 0 errors, 0 left on base; Salinas 0 - Stockton 0 |
| BOTTOM OF THE 1ST |
|
Stockton Mariners batting - Pitching for Salinas Fire Frogs : RHP Francis Reilly
|
|
Pitching: RHP Francis Reilly
|
|
|
Batting: LHB Ricky Nelson
|
0-0: Called Strike 0-1: Swinging Strike 0-2: Ball 1-2: Foul Ball, location: 2F 1-2: SINGLE (Groundball, 6MD, EV 100.0 MPH)
|
|
Batting: LHB David Lanning
|
0-0: Ball 1-0: SINGLE (Groundball, 34S, EV 68.1 MPH) (infield hit) Ricky Nelson to second
|
|
Batting: SHB Eddie Tanner
|
0-0: Ball 1-0: Ball 2-0: Ball 3-0: Called Strike 3-1: Base on Balls Ricky Nelson to third David Lanning to second
|
|
Batting: LHB David Cawthon
|
0-0: Ball 1-0: Called Strike 1-1: Called Strike 1-2: Fly out, F6 (Popup, 6, EV 78.8 MPH)
|
|
Batting: RHB Orlando Mercado
|
0-0: Ball 1-0: Called Strike 1-1: Ball 2-1: Fly out, F9 (Flyball, 89D, EV 110.0 MPH) Runner from 3rd tags up, SCORES, no throw by RF
|
|
Batting: LHB Joe Perna
|
0-0: Swinging Strike 0-1: Foul Ball, location: 2F 0-2: Ball 1-2: Ball 2-2: Fly out, F4 (Popup, 3DF, EV 46.9 MPH)
|
| Bottom of the 1st over - 1 run, 2 hits, 0 errors, 2 left on base; Salinas 0 - Stockton 1 |
| TOP OF THE 2ND |
|
Salinas Fire Frogs batting - Pitching for Stockton Mariners : LHP Randy Ford
|
|
Batting: RHB Bruce Morrison
|
0-0: Fly out, F9 (Flyball, 9S, EV 80.0 MPH)
|
|
Batting: LHB Raymond Smith
|
0-0: Ball 1-0: Foul Ball, location: 2F 1-1: Swinging Strike 1-2: Foul Ball, location: 2F 1-2: Ball 2-2: Foul Ball, location: 2F 2-2: Ball 3-2: Base on Balls
|
|
Batting: RHB Ramon Jimenez
|
0-0: Called Strike 0-1: Reached on error, E3 (Groundball, 3, EV 84.4 MPH) Raymond Smith to second
|
|
Batting: RHB Leon Doak
|
0-0: Ball 1-0: Called Strike 1-1: Swinging Strike 1-2: Strikes out swinging
|
|
Batting: LHB Charles McGehee
|
0-0: Called Strike 0-1: Called Strike 0-2: Ball 1-2: Ball 2-2: Foul Ball, location: 2F 2-2: Ball 3-2: SINGLE (Line Drive, 8RS, EV 105.6 MPH) Raymond Smith to third Ramon Jimenez to second Raymond Smith scores Ramon Jimenez to third
|
|
Batting: RHB Timothy Hume
|
0-0: Foul Ball, location: 2F 0-1: Called Strike 0-2: Strikes out swinging
|
| Top of the 2nd over - 1 run, 1 hit, 1 error, 2 left on base; Salinas 1 - Stockton 1 |
| BOTTOM OF THE 2ND |
|
Stockton Mariners batting - Pitching for Salinas Fire Frogs : RHP Francis Reilly
|
|
Batting: LHB Harold Perkins
|
0-0: Called Strike 0-1: Ball 1-1: Swinging Strike 1-2: Ball 2-2: Foul Ball, location: 2F 2-2: Ball 3-2: Foul Ball, location: 2F 3-2: Ground out U3 (Groundball, 34, EV 98.8 MPH)
|
|
Batting: LHB Victor Gavidia
|
0-0: Ball 1-0: Ball 2-0: Foul Ball, location: 2F 2-1: Swinging Strike 2-2: Ball 3-2: SINGLE (Groundball, 6MD, EV 94.4 MPH)
|
|
Batting: RHB Brian Greer
|
0-0: Ball 1-0: Called Strike 1-1: Ball Victor Gavidia steals 2nd base (no throw) 2-1: Ball Victor Gavidia is caught stealing 3rd base 2-5 3-1: Fly out, F4 (Flyball, 34D, EV 86.9 MPH)
|
| Bottom of the 2nd over - 0 runs, 1 hit, 0 errors, 0 left on base; Salinas 1 - Stockton 1 |
| TOP OF THE 3RD |
|
Salinas Fire Frogs batting - Pitching for Stockton Mariners : LHP Randy Ford
|
|
Batting: RHB Bobby Morin
|
0-0: Called Strike 0-1: Ground out 4-3 (Groundball, 4, EV 93.8 MPH)
|
|
Batting: LHB Kent Keiser
|
0-0: Called Strike 0-1: Foul Ball, location: 2F 0-2: Ball 1-2: Fly out, F8 (Flyball, 89D, EV 97.5 MPH)
|
|
Batting: RHB Kevin Mitchell
|
0-0: SINGLE (Line Drive, 8LS, EV 87.5 MPH)
|
|
Batting: RHB Bruce Morrison
|
0-0: Ball 1-0: Ball 2-0: Called Strike 2-1: Swinging Strike 2-2: Ball 3-2: Base on Balls Kevin Mitchell to second
|
|
Batting: LHB Raymond Smith
|
0-0: Foul Ball, location: 2F 0-1: Foul Ball, location: 2F 0-2: Ball 1-2: Ball 2-2: Foul Ball, location: 2F 2-2: Fly out, F7 (Flyball, 7, EV 84.4 MPH)
|
| Top of the 3rd over - 0 runs, 1 hit, 0 errors, 2 left on base; Salinas 1 - Stockton 1 |
| BOTTOM OF THE 3RD |
|
Stockton Mariners batting - Pitching for Salinas Fire Frogs : RHP Francis Reilly
|
|
Batting: LHB Ricky Nelson
|
0-0: Called Strike 0-1: Fly out, F7 (Flyball, 78M, EV 84.4 MPH)
|
|
Batting: LHB David Lanning
|
0-0: Ball 1-0: Fly out, F8 (Line Drive, 8LM, EV 86.3 MPH)
|
|
Batting: SHB Eddie Tanner
|
0-0: Ball 1-0: Ball 2-0: Ball 3-0: Base on Balls
|
|
Batting: LHB David Cawthon
|
0-0: Ball 1-0: Called Strike 1-1: Ball 2-1: Foul Ball, location: 2F 2-2: Foul Ball, location: 2F 2-2: Strikes out swinging
|
| Bottom of the 3rd over - 0 runs, 0 hits, 0 errors, 1 left on base; Salinas 1 - Stockton 1 |
| TOP OF THE 4TH |
|
Salinas Fire Frogs batting - Pitching for Stockton Mariners : LHP Randy Ford
|
|
Batting: RHB Ramon Jimenez
|
0-0: Ball 1-0: Ground out 4-3 (Groundball, 4S, EV 80.0 MPH)
|
|
Batting: RHB Leon Doak
|
0-0: Called Strike 0-1: Ball 1-1: Foul Ball, location: 2F 1-2: Strikes out swinging
|
|
Batting: LHB Charles McGehee
|
0-0: Ball 1-0: Ground out U3 (Groundball, 34, EV 85.6 MPH)
|
| Top of the 4th over - 0 runs, 0 hits, 0 errors, 0 left on base; Salinas 1 - Stockton 1 |
| BOTTOM OF THE 4TH |
|
Stockton Mariners batting - Pitching for Salinas Fire Frogs : RHP Francis Reilly
|
|
Batting: RHB Orlando Mercado
|
0-0: Called Strike 0-1: Foul Ball, location: 2F 0-2: Ball 1-2: Ball 2-2: Fly out, F8 (Flyball, 78D, EV 102.5 MPH)
|
|
Batting: LHB Joe Perna
|
0-0: Foul Ball, location: 2F 0-1: Fly out, F2 (Popup, 3SF, EV 76.9 MPH)
|
|
Batting: LHB Harold Perkins
|
0-0: Fly out, F8 (Flyball, 89S, EV 86.3 MPH)
|
| Bottom of the 4th over - 0 runs, 0 hits, 0 errors, 0 left on base; Salinas 1 - Stockton 1 |
| TOP OF THE 5TH |
|
Salinas Fire Frogs batting - Pitching for Stockton Mariners : LHP Randy Ford
|
|
Batting: RHB Timothy Hume
|
0-0: Called Strike 0-1: Called Strike 0-2: Ball 1-2: Ball 2-2: Ball 3-2: Foul Ball, location: 2F 3-2: Fly out, F6 (Popup, 56D, EV 58.8 MPH)
|
|
Batting: RHB Bobby Morin
|
0-0: Ball 1-0: Ball 2-0: Swinging Strike 2-1: SINGLE (Line Drive, 78M, EV 98.1 MPH)
|
|
Batting: LHB Kent Keiser
|
0-0: Called Strike 0-1: Fly out, F4 (Flyball, 3D, EV 92.5 MPH)
|
|
Batting: RHB Kevin Mitchell
|
0-0: Ball 1-0: Called Strike 1-1: Foul Ball, location: 2F 1-2: Foul Ball, location: 2F 1-2: Ball 2-2: Ground out 5-3 (Groundball, 56S, EV 84.4 MPH)
|
| Top of the 5th over - 0 runs, 1 hit, 0 errors, 1 left on base; Salinas 1 - Stockton 1 |
| BOTTOM OF THE 5TH |
|
Stockton Mariners batting - Pitching for Salinas Fire Frogs : RHP Francis Reilly
|
|
Batting: LHB Victor Gavidia
|
0-0: Ball 1-0: Ball 2-0: SINGLE (Line Drive, 7S, EV 93.8 MPH)
|
|
Batting: RHB Brian Greer
|
0-0: DOUBLE (Line Drive, 78XD, EV 106.9 MPH) Victor Gavidia to third
|
|
Batting: LHB Ricky Nelson
|
0-0: Called Strike 0-1: Foul Ball, location: 2F 0-2: Fly out, F9 (Flyball, 9S, EV 86.3 MPH) Runner from 3rd tags up, OUT at HOME! 9-2 Brian Greer to third
|
|
Batting: LHB David Lanning
|
0-0: Foul Ball, location: 2F 0-1: Foul Ball, location: 2F 0-2: Ball 1-2: SINGLE (Groundball, 4MD, EV 95.6 MPH) Brian Greer scores
|
|
Batting: SHB Eddie Tanner
|
0-0: Ball 1-0: Ball 2-0: Called Strike 2-1: SINGLE (Groundball, 4MD, EV 96.9 MPH) David Lanning to second Runner from 2nd tries for 3rd, SAFE, no throw by CF
|
|
Batting: LHB David Cawthon
|
0-0: Ball 1-0: Called Strike 1-1: Foul Ball, location: 2F 1-2: Ball 2-2: 3-RUN HOME RUN (Flyball, 8LXD, EV 101.9 MPH), Distance : 462 ft
|
|
Batting: RHB Orlando Mercado
|
0-0: Called Strike 0-1: Ball 1-1: Swinging Strike 1-2: Fly out, F3 (Flyball, 3D, EV 88.1 MPH)
|
| Bottom of the 5th over - 4 runs, 5 hits, 0 errors, 0 left on base; Salinas 1 - Stockton 5 |
| TOP OF THE 6TH |
|
Salinas Fire Frogs batting - Pitching for Stockton Mariners : LHP Randy Ford
|
|
Batting: RHB Bruce Morrison
|
0-0: Ball 1-0: SINGLE (Groundball, 34D, EV 96.3 MPH)
|
|
Batting: LHB Raymond Smith
|
0-0: Ball 1-0: Called Strike 1-1: Ball 2-1: Ball 3-1: Foul Ball, location: 2F 3-2: Base on Balls Bruce Morrison to second
|
|
Batting: RHB Ramon Jimenez
|
0-0: Called Strike 0-1: Ball 1-1: Ball 2-1: Ball 3-1: Foul Ball, location: 2F 3-2: Base on Balls Bruce Morrison to third Raymond Smith to second
|
|
Batting: RHB Leon Doak
|
0-0: Called Strike 0-1: Ball 1-1: Ball 2-1: Foul Ball, location: 2F 2-2: Grounds into double play, 5-4-3 (Groundball, 56, EV 87.5 MPH) Bruce Morrison scores Raymond Smith to third
|
|
Batting: LHB Charles McGehee
|
0-0: Ball 1-0: Ball 2-0: Foul Ball, location: 2F 2-1: Swinging Strike 2-2: Strikes out looking
|
| Top of the 6th over - 1 run, 1 hit, 0 errors, 1 left on base; Salinas 2 - Stockton 5 |
| BOTTOM OF THE 6TH |
|
Stockton Mariners batting - Pitching for Salinas Fire Frogs : RHP Francis Reilly
|
|
Batting: LHB Joe Perna
|
0-0: Called Strike 0-1: Foul Ball, location: 2F 0-2: Ball 1-2: Ball 2-2: Foul Ball, location: 2F 2-2: Fly out, F7 (Flyball, 78D, EV 105.0 MPH)
|
|
Batting: LHB Harold Perkins
|
0-0: SINGLE (Line Drive, 6D, EV 95.0 MPH)
|
|
Batting: LHB Victor Gavidia
|
0-0: Ball 1-0: Ball 2-0: Ball 3-0: Called Strike 3-1: DOUBLE (Line Drive, 9LM, EV 101.9 MPH) Harold Perkins to third Runner from 3rd tries for Home, SAFE, no throw by RF
|
|
Pitching: RHP Thomas Schneider
|
|
|
Batting: RHB Brian Greer
|
0-0: Called Strike 0-1: Ball 1-1: Ball 2-1: Ground out 5-3 (Groundball, 56, EV 92.5 MPH)
|
|
Batting: LHB Ricky Nelson
|
0-0: Ball 1-0: Ball 2-0: Ground out 1-3 (Groundball, 13S, EV 74.4 MPH)
|
| Bottom of the 6th over - 1 run, 2 hits, 0 errors, 1 left on base; Salinas 2 - Stockton 6 |
| TOP OF THE 7TH |
|
Salinas Fire Frogs batting - Pitching for Stockton Mariners : LHP Randy Ford
|
|
Batting: RHB Timothy Hume
|
0-0: Ball 1-0: Called Strike 1-1: Foul Ball, location: 2F 1-2: Ball 2-2: SINGLE (Groundball, 34D, EV 97.5 MPH)
|
|
Batting: RHB Bobby Morin
|
0-0: Ball 1-0: Ball 2-0: Bunt missed! 2-1: Sac Bunt to 2R - play at first, batter OUT! 2-4 Timothy Hume to second
|
|
Batting: LHB Kent Keiser
|
0-0: Foul Ball, location: 2F 0-1: Reached on error, E6 (Groundball, 6S, EV 68.8 MPH) Timothy Hume to third
|
|
Batting: RHB Kevin Mitchell
|
0-0: Ball 1-0: Foul Ball, location: 2F 1-1: Ball 2-1: DOUBLE (Line Drive, 89M, EV 98.1 MPH) Timothy Hume scores Kent Keiser to third Runner from 3rd tries for Home, throw by CF and OUT! 8-4-2
|
|
Batting: RHB Bruce Morrison
|
0-0: Ball 1-0: Ball 2-0: Called Strike 2-1: Ball 3-1: Ground out 6-3 (Groundball, 6MS, EV 66.3 MPH)
|
| Top of the 7th over - 1 run, 2 hits, 1 error, 1 left on base; Salinas 3 - Stockton 6 |
| BOTTOM OF THE 7TH |
|
Stockton Mariners batting - Pitching for Salinas Fire Frogs : RHP Thomas Schneider
|
|
Batting: LHB David Lanning
|
0-0: SINGLE (Line Drive, 6MD, EV 97.5 MPH)
|
|
Batting: SHB Eddie Tanner
|
0-0: Ball 1-0: Foul Ball, location: 2F 1-1: Swinging Strike 1-2: TRIPLE (Flyball, 89XD, EV 105.0 MPH) David Lanning scores
|
|
Batting: LHB David Cawthon
|
0-0: Fly out, F5 (Popup, 25F, EV 95.0 MPH)
|
|
Batting: RHB Orlando Mercado
|
0-0: DOUBLE (Line Drive, 8RXD, EV 101.9 MPH) Eddie Tanner scores
|
|
Batting: LHB Joe Perna
|
0-0: Called Strike 0-1: Ball 1-1: Called Strike 1-2: Ball 2-2: Foul Ball, location: 2F 2-2: Ball 3-2: 2-RUN HOME RUN (Flyball, 89XD, EV 92.5 MPH), Distance : 437 ft
|
|
Batting: LHB Harold Perkins
|
0-0: Ball 1-0: Foul Ball, location: 2F 1-1: Ball 2-1: Ground out 4-3 (Groundball, 4, EV 100.0 MPH)
|
|
Batting: LHB Victor Gavidia
|
0-0: SINGLE (Groundball, 6MD, EV 105.0 MPH)
|
|
Batting: RHB Brian Greer
|
0-0: Ball 1-0: Ball 2-0: Called Strike 2-1: Fly out, F7 (Flyball, 7S, EV 76.3 MPH)
|
| Bottom of the 7th over - 4 runs, 5 hits, 0 errors, 1 left on base; Salinas 3 - Stockton 10 |
| TOP OF THE 8TH |
|
Salinas Fire Frogs batting - Pitching for Stockton Mariners : LHP Randy Ford
|
|
Batting: LHB Raymond Smith
|
0-0: Ball 1-0: Ball 2-0: Called Strike 2-1: Swinging Strike 2-2: Strikes out looking
|
|
Batting: RHB Ramon Jimenez
|
0-0: Ball 1-0: Called Strike 1-1: Called Strike 1-2: Ball 2-2: Strikes out looking
|
|
Batting: RHB Leon Doak
|
0-0: Foul Ball, location: 2F 0-1: Ball 1-1: Called Strike 1-2: Strikes out swinging
|
| Top of the 8th over - 0 runs, 0 hits, 0 errors, 0 left on base; Salinas 3 - Stockton 10 |
| BOTTOM OF THE 8TH |
|
Stockton Mariners batting - Pitching for Salinas Fire Frogs : RHP Thomas Schneider
|
|
Pinch Hitting: RHB Robert Silverman
|
0-0: Called Strike 0-1: Ball 1-1: Reached on error, E3 (Groundball, 3L, EV 103.1 MPH)
|
|
Batting: LHB David Lanning
|
0-0: Ball 1-0: Ball 2-0: Foul Ball, location: 2F 2-1: Fielders Choice at 2nd, 2-6 (Groundball, 13S, EV 70.0 MPH)
|
|
Batting: SHB Eddie Tanner
|
0-0: Ball 1-0: Ball 2-0: Foul Ball, location: 2F 2-1: Ball 3-1: Swinging Strike 3-2: Foul Ball, location: 2F 3-2: Base on Balls David Lanning to second
|
|
Batting: LHB David Cawthon
|
0-0: Ball 1-0: Called Strike 1-1: Ball 2-1: Foul Ball, location: 2F 2-2: Ball 3-2: Base on Balls David Lanning to third Eddie Tanner to second
|
|
Batting: RHB Orlando Mercado
|
0-0: Ball 1-0: Called Strike 1-1: Swinging Strike 1-2: Ball 2-2: Ball 3-2: Base on Balls David Lanning scores Eddie Tanner to third David Cawthon to second
|
|
Batting: LHB Joe Perna
|
0-0: Called Strike 0-1: Ball 1-1: Ball 2-1: Fielders Choice at 2nd, 3-6 (Groundball, 3, EV 102.5 MPH) Eddie Tanner scores David Cawthon to third
|
|
Batting: LHB Harold Perkins
|
0-0: Ball 1-0: Ball 2-0: Ball 3-0: Base on Balls Joe Perna to second
|
|
Pitching: RHP Manny Ramirez
|
|
|
Batting: LHB Victor Gavidia
|
0-0: Ball 1-0: Fly out, F8 (Flyball, 78XD, EV 98.8 MPH)
|
| Bottom of the 8th over - 2 runs, 0 hits, 1 error, 3 left on base; Salinas 3 - Stockton 12 |
| TOP OF THE 9TH |
|
Salinas Fire Frogs batting - Pitching for Stockton Mariners : LHP Randy Ford
|
|
Pitching: RHP Dean Martinez
|
|
|
Now in LF: Robert Silverman
|
|
|
Pinch Hitting: LHB Jim Watkins
|
0-0: Ball 1-0: Ball 2-0: Ball 3-0: Base on Balls
|
|
Batting: RHB Timothy Hume
|
0-0: Foul Ball, location: 2F 0-1: Ball 1-1: Ball 2-1: Grounds into double play, 4-6-3 (Groundball, 4M, EV 81.9 MPH)
|
|
Batting: RHB Bobby Morin
|
0-0: Ball 1-0: Fly out, F3 (Popup, 34S, EV 66.9 MPH)
|
| Top of the 9th over - 0 runs, 0 hits, 0 errors, 0 left on base; Salinas 3 - Stockton 12 |
|